 Dungeon Crawl Stone Soup version 0.29-a0-384-g6960b1960d (webtiles) character file.

Game seed: 5858422917030151040

2300 YayAnonymity the Cleaver (level 9, -1/82 HPs)
             Began as a Hill Orc Fighter on May 7, 2022.
             Was a Follower of the Shining One.
             Slain by a hornet (5 damage)
             ... on level 7 of the Dungeon.
             The game lasted 00:11:39 (8635 turns).

YayAnonymity the Cleaver (Hill Orc Fighter)         Turns: 8635, Time: 00:11:39

Health: -1/82      AC:  8    Str: 23    XL:     9   Next: 40%
Magic:  14/14      EV:  9    Int:  8    God:    the Shining One [*.....]
Gold:   395        SH:  0    Dex: 16    Spells: 8/8 levels left

rFire   . . .      SeeInvis .   a - +0 war axe
rCold   . . .      Faith    .   c - +0 buckler
rNeg    . . .      Spirit   .   b - +0 scale mail {Will+}
rPois   .          Reflect  .   (no helmet)
rElec   .          Harm     .   (no cloak)
rCorr   .          Rampage  .   j - +0 pair of gloves
Will    +....                   (no boots)
Stlth   ..........              (no amulet)
HPRegen 0.23/turn               y - +6 ring of dexterity
MPRegen 0.14/turn               (no ring)

@: confused, lethally poisoned (-1 -> -7), ambrosia-drunk, hasted and slowed,
glowing
A: no striking features
a: Renounce Religion, Divine Shield


You were on level 7 of the Dungeon.
You worshipped the Shining One.
The Shining One was aware of your devotion.
You visited 2 branches of the dungeon, and saw 8 of its levels.
You also visited: Sewer.

You collected 395 gold pieces.

Inventory:

Hand Weapons
 a - a +0 war axe (weapon)
 v - a +1 whip of flaming
Missiles
 t - a throwing net (quivered)
 z - 4 poisoned darts
Armour
 b - a +0 scale mail of willpower (worn)
 c - a +0 buckler (worn)
 j - a +0 pair of gloves (worn)
 x - the +6 leather armour of the Heavens {rCorr Str+3}
   (You found it on level 7 of the Dungeon)

   Str:       It affects your strength (+3).
   rCorr:     It protects you from acid and corrosion.
Jewellery
 y - a +6 ring of dexterity (left hand)
Wands
 f - a wand of iceblast (9)
 m - a wand of digging (6)
Scrolls
 o - a scroll of silence
 p - 3 scrolls of noise
 r - 4 scrolls of fear
 u - a scroll of teleportation
Potions
 d - 3 potions of might
 e - 5 potions of brilliance
 g - a potion of curing
 h - a potion of ambrosia
 i - 2 potions of cancellation {unknown}
 k - a potion of berserk rage {unknown}
 l - 3 potions of attraction
 n - a potion of mutation {unknown}
 q - a potion of resistance {unknown}
 s - 2 potions of haste
 w - a potion of heal wounds {unknown}


   Skills:
 + Level 8.3 Fighting
 * Level 11.9 Axes
 + Level 3.3 Armour
 - Level 3.2 Shields
 + Level 7.1 Invocations


You had 8 spell levels left.
You didn't know any spells.
Your spell library contained the following spells:

 Spells                   Type           Power      Damage    Failure   Level
 Foxfire                  Conj/Fire      0%         2x1d4     82%         1
 Slow                     Hex            0%         N/A       82%         1
 Corpse Rot               Necr/Air       0%         N/A       91%         2
 Poisonous Vapours        Pois/Air       0%         N/A       91%         2
 Static Discharge         Conj/Air       0%         N/A       91%         2
 Call Canine Familiar     Summ           0%         N/A       99%         3
 Confusing Touch          Hex            0%         N/A       99%         3
 Conjure Flame            Conj/Fire      0%         6-21      99%         3
 Inner Flame              Hex/Fire       0%         N/A       99%         3
 Portal Projectile        Hex/Tloc       0%         N/A       99%         3
 Vampiric Draining        Necr           0%         2d6       99%         3
 Flame Wave               Conj/Fire      0%         2d4       100%        4
 Fulminant Prism          Conj/Hex       0%         3d6       100%        4
 Iskenderun's Mystic Bla  Conj/Tloc      0%         2d3       100%        4
 Leda's Liquefaction      Hex/Erth       0%         N/A       100%        4
 Lee's Rapid Deconstruct  Erth           0%         3d5*      100%        5
 Lightning Bolt           Conj/Air       0%         1d11      100%        5
 Maxwell's Capacitive Co  Air            0%         ∞         100%        8


Dungeon Overview and Level Annotations

Branches:
Dungeon (7/15)             Temple (1/1) D:4           Sewer (visited)

Altars:
Ashenzari
Cheibriados
Dithmenos
Elyvilon
Fedhas
Gozag
Hepliaklqana
Kikubaaqudgha
Makhleb
Nemelex Xobeh
Qazlal
Ru
Sif Muna
Trog
Uskayaw
Vehumet
Wu Jian
Xom
Yredelemnul
Zin
The Shining One

Shops:
D:1 :!


Message History

You hit the hornet.
The hornet is severely wounded.
You feel sick. The hornet stings you!
* * * LOW HITPOINT WARNING * * *
You feel as though you will be slow longer.
The hornet barely misses you.
You hit the hornet.
The hornet is severely wounded.
You feel sick. You block the hornet's attack. x2
You closely miss the hornet.
The hornet is severely wounded.
You feel sick.
The hornet stings you but does no damage. x2
You barely miss the hornet.
The hornet is severely wounded.
You feel sick.
You are no longer poisoned.
The hornet stings you!
* * * LOW HITPOINT WARNING * * *
You feel as though you will be slow longer.
You block the hornet's attack.
Okay, then.
You are confused.
You feel invigorated. The hornet barely misses you. The hornet stings you.
* * * LOW HITPOINT WARNING * * *
You are lethally poisoned!
You feel as though you will be slow longer.
You are more confused.
You feel more invigorated.
* * * LOW HITPOINT WARNING * * *
You feel very sick.
The hornet stings you but does no damage.
The hornet closely misses you. The hornet stings you.
* * * LOW HITPOINT WARNING * * *
You feel as though you will be slow longer.
It was a potion of haste.
You feel yourself speed up.
* * * LOW HITPOINT WARNING * * *
You feel very sick. The hornet stings you.
You die...

#...##.#.......
#...##.########
#...##....#
....#####.#
############.#
#.........[..#
#.############
#.# #@# #y#
..y.....#
#########


You could see a hornet.

Vanquished Creatures
  Pikel (D:4)
  Grinder (D:6)
  A basilisk (D:7)
  2 water moccasins
  A sky beast (D:7)
  An ice beast (D:5)
  A centaur (D:7)
  2 lemures (D:4)
  2 kobold brigands (Sewer)
  A phantom (D:6)
  A scorpion (D:6)
  2 bullfrogs
  A necrophage (D:7)
  A howler monkey (D:4)
  4 hounds
  A gnoll shaman (D:7)
  2 iguanas
  An orc wizard (D:6)
  8 gnolls
  10 adders
  3 river rats (Sewer)
  A shadow imp (D:6)
  A white imp (D:7)
  3 dart slugs
  16 orcs
  8 endoplasms
  6 giant cockroaches
  3 hobgoblins
  7 jackals
  9 kobolds
  3 quokkas
  4 ball pythons
  5 frilled lizards
  10 goblins
  7 rats
130 creatures vanquished.

Vanquished Creatures (others)
  15 plants (Sewer)
15 creatures vanquished.

Grand Total: 145 creatures vanquished

Notes
Turn   | Place    | Note
-------+----------+-------------------------------------------
     0 | D:1      | YayAnonymity the Hill Orc Fighter began the quest for the
                  | Orb.
     0 | D:1      | Reached XP level 1. HP: 19/19 MP: 1/1
    26 | D:1      | Found a faded altar of an unknown god.
   179 | D:1      | Found Adeh's Distillery.
   195 | D:1      | Reached skill level 3 in Axes
   225 | D:1      | Found Venuics's Book Emporium.
   327 | D:1      | Reached XP level 2. HP: 23/27 MP: 2/2
  1169 | D:2      | Reached skill level 4 in Axes
  1270 | D:2      | Reached XP level 3. HP: 33/33 MP: 3/3
  1525 | D:2      | Reached XP level 4. HP: 19/41 MP: 4/4
  1536 | D:2      | HP: 2/41 [gnoll/+0 club (3)]
  1538 | D:2      | Reached skill level 5 in Axes
  2881 | D:3      | Reached XP level 5. HP: 36/47 MP: 5/5
  3365 | D:4      | Found a staircase to the Ecumenical Temple.
  3387 | Temple   | Entered the Ecumenical Temple
  3443 | Temple   | Became a worshipper of the Shining One
  3918 | D:4      | Reached skill level 5 in Fighting
  3918 | D:4      | Reached skill level 6 in Axes
  4011 | D:5      | Entered Level 5 of the Dungeon
  4068 | D:5      | Noticed an ice beast
  4079 | D:5      | Killed an ice beast
  4080 | D:5      | Reached skill level 1 in Invocations
  4080 | D:5      | Reached XP level 6. HP: 19/56 MP: 5/7
  4477 | D:5      | Reached skill level 7 in Axes
  4627 | D:5      | Noticed a water moccasin
  4639 | D:5      | Killed a water moccasin
  4640 | D:5      | Reached XP level 7. HP: 15/62 MP: 7/9
  4827 | D:5      | Noticed Pikel
  4959 | D:4      | Killed Pikel
  4960 | D:4      | Reached skill level 9 in Axes
  4960 | D:4      | Reached XP level 8. HP: 41/71 MP: 9/11
  5684 | D:6      | Noticed Grinder
  5705 | D:6      | Paralysed by Grinder for 3 turns
  5713 | D:6      | Paralysed by Grinder for 2 turns
  5717 | D:6      | Killed Grinder
  5718 | D:6      | Reached skill level 5 in Invocations
  5719 | D:6      | Found a glowing drain.
  5834 | Sewer    | Entered a sewer
  6034 | Sewer    | Reached skill level 10 in Axes
  7399 | D:6      | Reached XP level 9. HP: 73/80 MP: 13/13
  7513 | D:7      | Reached skill level 11 in Axes
  7706 | D:7      | Reached * piety under the Shining One
  8182 | D:7      | Identified the +6 leather armour of the Heavens {rCorr
                  | Str+3}
  8615 | D:7      | Noticed a hornet
  8625 | D:7      | Paralysed by a hornet for 3 turns
  8632 | D:7      | HP: 2/82 [hornet (12)]
  8635 | D:7      | Slain by a hornet

Illustrated notes

Levels and vault maps discovered:
D:1:      dpeg_arrival_round_c, layout_basic,
          chequers_ecumenical_altar_simple_redux, serial_shops,
          nicolae_shop_waterfront, shop
D:2:      layout_basic
D:3:      layout_rooms
D:4:      layout_loops_cross, minmay_temple_entry_wispy, serial_bayou_lagoon_a,
          minmay_misc_feat_pillars
D:5:      layout_basic, serial_rivers, chequers_serial_rivers_small_3,
          chequers_serial_rivers_room_b, chequers_serial_rivers_small_3,
          chequers_serial_rivers_small_a, minmay_misc_feat_five, uniq_pikel
D:6:      layout_loops_cross, gup_sewer_entry_glass, uniq_grinder
D:7:      layout_basic
Temple:   compressed_dpeg_circular_temple

Skill      XL: |  1  2  3  4  5  6  7  8  9 |
---------------+----------------------------+-----
Axes           | 3 4 5 6 7 9 10 11 | 11.9
Fighting       | 4 5 6 7 8 |  8.3
Invocations    | 1 2 4 6 7 |  7.1
Armour         | |  3.3
Shields        | |  3.2

Action                   |  1- 3 |  4- 6 |  7- 9 || total
-------------------------+-------+-------+-------++-------
Melee: War axe           |    73 |   116 |   289 ||   478
  Use: Scroll            |     3 |     4 |     7 ||    14
       Potion            |       |       |     7 ||     7
Armor: Scale mail        |    27 |    48 |    28 ||   103
       Chain mail        |       |       |    91 ||    91
       Leather armour    |       |       |     5 ||     5
Dodge: Dodged            |    34 |    48 |    87 ||   169
Block: Buckler           |    16 |    24 |    70 ||   110

Table legend: (Time is in decaauts)
 A = Elapsed time spent in this place.
 B = Non-inter-level travel time spent in this place.
 C = Inter-level travel time spent in this place.
 D = Time resting spent in this place.
 E = Time spent auto-exploring this place.
 F = Levels seen in this place.
 G = Mean time per level.
                   A        B        C        D        E       F      G
               +--------+--------+--------+--------+--------+-----+--------+
         Total |   8873 |   8593 |    280 |   1139 |   6021 |   9 |  985.9 |
       Dungeon |   7668 |   7394 |    274 |    880 |   5447 |   7 | 1095.4 |
        Temple |     79 |     73 |      6 |      0 |     34 |   1 |   79.0 |
         Sewer |   1125 |   1125 |      0 |    259 |    540 |   1 | 1125.0 |
               +--------+--------+--------+--------+--------+-----+--------+

Top non-repeatable levels by time:
     D:2: 1853 daAuts
     D:4: 1278 daAuts
     D:5: 1133 daAuts
   Sewer: 1125 daAuts
     D:7: 1101 daAuts
     D:1: 926 daAuts
     D:6: 879 daAuts
     D:3: 494 daAuts
  Temple: 79 daAuts
